 Dungeon Crawl Stone Soup version 0.32-a0-913-g739538a (webtiles) character file.

Game seed: 15473085319272028819

1549 Dorkslayer the Cleaver (level 8, -14/69 HPs)
             Began as a Mountain Dwarf Fighter on Apr 9, 2024.
             Was an Initiate of Gozag.
             Demolished by a white ugly thing (29 damage)
             ... on level 6 of the Dungeon.
             The game lasted 00:15:45 (3759 turns).

Dorkslayer the Cleaver (Mountain Dwarf Fighter)     Turns: 3759, Time: 00:15:46

Health: -14/69     AC:  7    Str: 21    XL:     8   Next: 57%
Magic:  17/17      EV:  9    Int:  9    God:    Gozag
Gold:   189        SH:  4    Dex:  9    Spells: 7/7 levels left

rFire   . . .        a - +1 war axe (spect)
rCold   . . .        c - +0 buckler
rNeg    . . .        b - +0 scale mail
rPois   .            (no helmet)
rElec   .            (no cloak)
rCorr   .            (no gloves)
SInv    +            (no boots)
Will    .....        (no amulet) Stlth
                     j - ring of see invisible
HPRegen 0.31/turn    w - ring of magical power
MPRegen 0.15/turn

%: no passive effects
@: gold aura
A: runic magic, artefact enchanting
a: Renounce Religion, Potion Petition, Call Merchant, Bribe Branch


You were on level 6 of the Dungeon.
You worshipped Gozag.
Gozag was aware of your devotion.
You visited 2 branches of the dungeon, and saw 7 of its levels.
You also visited: Ossuary.

You collected 262 gold pieces.
You paid 73 gold pieces to Gozag.

Inventory:

Hand Weapons
 a - a +1 spectral war axe (weapon)
 v - a +2 morningstar of holy wrath
Missiles
 k - a silver javelin (quivered)
 A - 4 boomerangs
Armour
 b - a +0 scale mail (worn)
 c - a +0 buckler (worn)
Jewellery
 j - a ring of see invisible (left hand)
 w - a ring of magical power (right hand)
Scrolls
 f - a scroll of immolation {unknown}
 g - a scroll of fog
 h - a scroll of fear
 n - a scroll of torment {unknown}
 q - a scroll of enchant armour {unknown}
 r - a scroll of vulnerability {unknown}
 t - a scroll of teleportation
 y - a scroll of noise {unknown}
 B - a scroll of identify
Potions
 d - a potion of might
 i - 4 potions of curing
 l - a potion of magic
 m - 2 potions of mutation {unknown}
 o - 2 potions of heal wounds
 p - 3 potions of enlightenment {unknown}
 s - a potion of ambrosia
 u - 2 potions of cancellation {unknown}
 z - a potion of degeneration {unknown}


   Skills:
 + Level 5.4 Fighting
 + Level 8.9 Axes
 + Level 5.1 Armour
 * Level 3.5 Dodging
 + Level 0.6 Stealth
 + Level 4.6 Shields


You had 7 spell levels left.
You didn't know any spells.
Your spell library contained the following spells:

 Spells                   Type           Power      Damage    Failure   Level
 Summon Small Mammal      Summ           0%         N/A       52%         1
 Call Canine Familiar     Summ           0%         N/A       88%         3
 Passwall                 Erth           0%         N/A       88%         3
 Volatile Blastmotes      Fire/Tloc      0%         2d10      88%         3
 Summon Blazeheart Golem  Fire/Summ      0%         N/A       99%         4
 Vhi's Electric Charge    Tloc/Air       0%         N/A       99%         4
 Bombard                  Conj/Erth      0%         9d1       100%        6
 Conjure Ball Lightning   Conj/Air       0%         3x3d6     100%        6
 Sculpt Simulacrum        Ice/Alch       0%         N/A       100%        6
 Ozocubu's Refrigeration  Ice            0%         4d7       100%        7
 Discord                  Hex            0%         N/A       100%        8
 Disjunction              Tloc           0%         N/A       100%        8
 Polar Vortex             Ice            0%         N/A       100%        9


Dungeon Overview and Level Annotations

Branches:
Dungeon (6/15)             Temple (1/1) D:5         Ossuary (visited)

Altars:
Ashenzari
Cheibriados
Dithmenos
Elyvilon
Fedhas
Gozag
Makhleb
Qazlal
Sif Muna
Vehumet
Wu Jian
Xom
Yredelemnul
Zin
The Shining One


Innate Abilities, Weirdness & Mutations

Your spellcasting is much less encumbered by armour.
You can use scrolls of enchantment on lesser artefacts.


Message History

Aim: a white ugly thing (52% to hit, chaotic)
You throw a silver javelin.
The silver javelin pierces through the white ugly thing.
The silver sears the white ugly thing!
The white ugly thing is lightly wounded.
An ufetubus comes into view. x2
The ufetubus moves out of view.
Throw: 2 javelins (silver)
Press: ? - help, Q - select action, (/) - cycle Shift-Dir - straight line, f/p - white ugly thing
Aim: a white ugly thing (lightly wounded, 52% to hit, chaotic)
You throw a silver javelin.
The silver javelin closely misses the white ugly thing.
Unknown command.
The white ugly thing is distracted by your dazzling golden aura.
You barely miss the white ugly thing.
The white ugly thing is no longer distracted by gold.
The white ugly thing is lightly wounded.
Your +1 spectral war axe hits the white ugly thing!
You block the white ugly thing's attack.
You barely miss the white ugly thing.
The white ugly thing is moderately wounded.
Your +1 spectral war axe hits the white ugly thing.
The white ugly thing headbutts you. The white ugly thing freezes you!!
You closely miss the white ugly thing.
The white ugly thing is moderately wounded.
Your +1 spectral war axe closely misses the white ugly thing.
The white ugly thing closely misses you.
You hit the white ugly thing.
The white ugly thing is moderately wounded.
Your +1 spectral war axe closely misses the white ugly thing.
The white ugly thing headbutts you. The white ugly thing freezes you!!
* * * LOW HITPOINT WARNING * * *
Unknown command.
You feel much better.
Your +1 spectral war axe disappears.
The white ugly thing headbutts you!
* * * LOW HITPOINT WARNING * * *
The white ugly thing freezes you!!
You die...
Your body crumbles into a pile of gold.

#.##......
#.#.#..# #.#....#
#(#....# .#
#.#...####..#
#(##........#
...###.###)$.....#
.......u...####..#
.......#@..$.# .#
.########$$$.#
.....#....#
#...<..# ###$.$.#
#....# ######


You could see a white ugly thing.

Vanquished Creatures
  A steam dragon (D:5)
  A black bear (D:4)
  An ice beast (D:6)
  An ogre (D:6)
  A phantom (D:5)
  A scorpion (D:4)
  A wight (Ossuary)
  A howler monkey (D:5)
  3 bombardier beetles
  A bullfrog zombie (Ossuary)
  7 centaur zombies (Ossuary)
  A gnoll bouda (D:5)
  5 hounds
  3 orc priests
  An iguana (D:5)
  2 orc wizards (D:5)
  2 scorpion zombies (Ossuary)
  5 gnolls (D:5)
  5 adders
  A shadow imp (D:6)
  An adder zombie (Ossuary)
  4 dart slugs
  9 orcs
  A bat (D:2)
  4 endoplasms
  4 giant cockroaches
  6 gnoll zombies (Ossuary)
  5 goblins
  6 hobgoblins
  10 jackals
  A quokka (D:4)
  8 ball pythons
  5 frilled lizards
  4 goblin zombies (Ossuary)
  2 hobgoblin zombies (Ossuary)
  7 kobolds
  2 orc zombies (Ossuary)
  20 rats
143 creatures vanquished.

Notes
Turn   | Place    | Note
-------+----------+-------------------------------------------
     0 | D:1      | Dorkslayer the Mountain Dwarf Fighter began the quest for
                  | the Orb.
     0 | D:1      | Reached XP level 1. HP: 19/19 MP: 1/1
   324 | D:1      | Reached XP level 2. HP: 26/26 MP: 2/2
   712 | D:2      | Reached XP level 3. HP: 25/31 MP: 3/3
   780 | D:2      | Reached skill level 3 in Axes
  1260 | D:3      | Found a faded altar of an unknown god.
  1337 | D:3      | Reached skill level 1 in Dodging
  1337 | D:3      | Reached XP level 4. HP: 37/40 MP: 4/4
  1578 | D:3      | Reached skill level 4 in Axes
  1910 | D:4      | Reached XP level 5. HP: 46/46 MP: 5/5
  2046 | D:4      | Found a sand-covered staircase.
  2068 | Ossuary  | Entered an ossuary
  2110 | Ossuary  | Reached skill level 5 in Axes
  2128 | Ossuary  | Reached XP level 6. HP: 48/52 MP: 6/6
  2166 | Ossuary  | Reached skill level 6 in Axes
  2193 | Ossuary  | Reached XP level 7. HP: 44/60 MP: 7/7
  2193 | Ossuary  | Noticed a silent spectre
  2459 | D:4      | Found an opulent altar of Gozag.
  2564 | D:4      | Reached skill level 7 in Axes
  2944 | D:5      | Entered Level 5 of the Dungeon
  2944 | D:5      | Noticed a steam dragon
  2950 | D:5      | Killed a steam dragon
  3001 | D:5      | Reached skill level 5 in Fighting
  3001 | D:5      | Reached XP level 8. HP: 31/68 MP: 8/8
  3004 | D:5      | Reached skill level 8 in Axes
  3247 | D:5      | Found a radiant altar of Vehumet.
  3375 | D:4      | Became a worshipper of Gozag Ym Sagoz the Greedy
  3600 | D:5      | Found a shimmering blue altar of Sif Muna.
  3646 | D:5      | Found a staircase to the Ecumenical Temple.
  3654 | Temple   | Entered the Ecumenical Temple
  3654 | Temple   | Noticed a tormentor
  3654 | Temple   | Noticed a sixfirhy
  3654 | Temple   | Noticed a cacodemon
  3654 | Temple   | Noticed an orange demon
  3654 | Temple   | Noticed a sun demon
  3655 | Temple   | Noticed Filuar the pandemonium lord
  3655 | Temple   | Noticed Pynusso the pandemonium lord
  3655 | Temple   | Noticed an Executioner
  3655 | Temple   | Noticed a sun demon
  3655 | Temple   | Noticed an Executioner
  3655 | Temple   | Noticed a hellwing
  3669 | Temple   | Noticed Lied the pandemonium lord
  3670 | Temple   | Noticed Rocw the pandemonium lord
  3674 | Temple   | Noticed an orange demon
  3675 | Temple   | Noticed a shadow demon
  3675 | Temple   | Noticed Zosi the pandemonium lord
  3676 | Temple   | Noticed a green death
  3688 | Temple   | Noticed a hellwing
  3689 | Temple   | Noticed Yzxocot the pandemonium lord
  3724 | D:6      | Reached skill level 5 in Armour
  3750 | D:6      | Noticed a white ugly thing
  3758 | D:6      | HP: 2/69 [white ugly thing (31)]
  3759 | D:6      | Demolished by a white ugly thing

Illustrated notes

Levels and vault maps discovered:
D:1:      mushboom_english_gardens, layout_basic
D:2:      layout_rooms
D:3:      layout_basic, shapermc_ecumenical_altar_notcrosses
D:4:      layout_loops_corners, nicolae_overflow_hidden_temple,
          nicolae_ossuary_entry_false_entrances, minmay_rat_hole
D:5:      layout_cave_pools, fiery_altar_vehumet, tgw_sif,
          minmay_temple_entry_butterflies
D:6:      layout_rooms, kennysheep_mini, amethyst_overflow_temple_binary,
          gammafunk_ghost_smash, minmay_manual_monstrance
Temple:   nicolae_temple_panitentiary

Skill      XL: |  1  2  3  4  5  6  7  8 |
---------------+-------------------------+-----
Axes           | 3 4 5 6 7 8 |  8.9
Dodging        | 1 2 3 |  3.5
Armour         | 4 5 |  5.1
Fighting       | 4 5 |  5.4
Shields        | 4 |  4.6
Stealth        | |  0.6

Action                     |  1- 3 |  4- 6 |  7- 9 || total
---------------------------+-------+-------+-------++-------
  Melee: War axe           |   100 |   114 |   119 ||   333
  Throw: Javelin           |       |       |     2 ||     2
    Use: Scroll            |     4 |     5 |     3 ||    12
         Potion            |       |     1 |     4 ||     5
   Stab: Distracted        |       |     1 |       ||     1
 Armour: Scale mail        |    88 |   110 |    86 ||   284
  Dodge: Dodged            |    57 |    67 |    49 ||   173
  Block: Buckler           |    37 |    33 |    21 ||    91

Table legend: (Time is in decaauts)
 A = Elapsed time spent in this place.
 B = Non-inter-level travel time spent in this place.
 C = Inter-level travel time spent in this place.
 D = Time resting spent in this place.
 E = Time spent auto-exploring this place.
 F = Levels seen in this place.
 G = Mean time per level.
                   A        B        C        D        E       F      G
               +--------+--------+--------+--------+--------+-----+--------+
         Total |   3852 |   3852 |      0 |      0 |   1468 |   8 |  481.5 |
       Dungeon |   3626 |   3626 |      0 |      0 |   1468 |   6 |  604.3 |
        Temple |     42 |     42 |      0 |      0 |      0 |   1 |   42.0 |
       Ossuary |    183 |    183 |      0 |      0 |      0 |   1 |  183.0 |
               +--------+--------+--------+--------+--------+-----+--------+

Top non-repeatable levels by time:
     D:4: 923 daAuts
     D:3: 758 daAuts
     D:5: 717 daAuts
     D:1: 711 daAuts
     D:2: 474 daAuts
 Ossuary: 183 daAuts
  Temple: 42 daAuts
     D:6: 41 daAuts
